Cogmind - Beta 15 @@@ ROGUE MODE // 2025.07.15 @ 18:17:05 Player: Skysub Result: Destroyed by 2H-R81(R) with Subdweller Machine Gun Performance ------------- Evolutions (0) 0 Regions Visited (2) 400 Robots Destroyed (31) 155 Value Destroyed (508) 508 Prototype IDs (0) 0 Alien Tech Used (0) 0 Bonus (0) 0 TOTAL SCORE: 1063 Bonus ------- None Cogmind --------- Core Integrity 0/250 Matter 109/300 Energy 83/100 System Corruption 4% Temperature Cool (0) Movement Core (400) Ox7 Location -10/Subcaves Parts ------- > --- POWER (1) -------- (None) > --- PROPULSION (2) --- (None) > --- UTILITY (2) ------ Large Storage Unit > --- WEAPON (2) ------- Battle Rifle Battle Rifle > --- INVENTORY (15) --- Subdweller Power Source Subdweller Power Source Subdweller Power Source Small Storage Unit Subdweller Optics Utility Shielding Small Laser Makeshift Laser Subdweller Beam Cannon Subdweller Beam Cannon Light Assault Rifle Subdweller Machine Gun Mining Laser Peak State ------------ > --- POWER ------------ Light Ion Engine > --- PROPULSION ------- Light Treads Light Treads > --- UTILITY ---------- Small Storage Unit Improved Terrain Scanner > --- WEAPON ----------- Assault Rifle Light Assault Rifle > --- INVENTORY -------- Light Ion Engine Compact Wheel Light Assault Rifle Mining Laser [Rating: 9] Favorites ----------- Power Light Ion Engine Engine Light Ion Engine Propulsion Light Treads Treads Light Treads Wheel Compact Wheel Utility Large Storage Unit Device Improved Terrain Scanner Storage Large Storage Unit Protection Utility Shielding Weapon Battle Rifle Ballistic Gun Battle Rifle Launcher Grenade Launcher Special Weapon Mining Laser Build | -11 -10 -10 ------- Run | Yrd Mat Sub Slots Evolved . | . . . Power . | . . . Propulsion . | . . . Utility . | . . . Weapon . | . . . Parts Attached 19 | 8 4 7 Power 4 | 1 1 2 Engine 4 | 1 1 2 Core . | . . . Reactor . | . . . Propulsion 3 | 2 . 1 Treads 2 | 2 . . Leg . | . . . Wheel 1 | . . 1 Hover . | . . . Flight . | . . . Utility 4 | 2 1 1 Device 1 | 1 . . Storage 2 | 1 1 . Processor . | . . . Hackware . | . . . Protection 1 | . . 1 Artifact . | . . . Weapon 8 | 3 2 3 Energy Gun . | . . . Energy Cannon . | . . . Ballistic Gun 6 | 3 1 2 Ballistic Cannon . | . . . Launcher 1 | . 1 . Special Weapon 1 | . . 1 Impact Weapon . | . . . Slashing Weapon . | . . . Piercing Weapon . | . . . Special Melee Weapon . | . . . Unidentified Prototypes . | . . . Parts Lost 10 | . 2 8 Power 2 | . 1 1 Propulsion 3 | . . 3 Utility 1 | . . 1 Weapon 4 | . 1 3 Highest Loss Streak 3 | . 1 3 To Critical Strikes 1 | . 1 . Average Backups 9 | 2 5 10 Power 1 | . . 1 Propulsion . | . 1 . Utility 2 | . 1 2 Weapon 5 | . 2 6 Tool/Special . | . . . Unused Backups 7 | . . 7 Power 1 | . . 1 Propulsion . | . . . Utility 1 | . . 1 Weapon 5 | . . 5 Tool/Special . | . . . Average Slot Usage (%) 64 | . 99 52 Engine 5 | . 13 2 Treads 9 | . 28 3 Wheel 1 | . . 1 Device 4 | . 14 . Storage 14 | . 14 14 Protection 2 | . . 3 Ballistic Gun 22 | . 21 22 Launcher 2 | . 6 1 Special Weapon 2 | . . 2 Peak Build Rating 9 | 9 9 9 Average Rating 7 | 5 8 6 On Entrance 6 | . 9 9 Naked Turns . | . . . Heaviest Build 30 | 12 28 30 Greatest Support 40 | 40 40 40 Greatest Overweight (x) 9 | . . 9 Average Overweight (x) 2 | . . 4 Largest Inventory Capacity 15 | 8 15 15 Average Capacity 13 | 7 11 15 Most Carried 13 | 4 6 13 Average Carried 9 | 2 5 10 Final Capacity 15 | 8 15 15 Final Carried 13 | 4 6 13 Class Distribution -------------------- 100% | Mutant Dominant Class ---------------- Mutant | -10/Materials Mutant | -10/Subcaves Resources | -11 -10 -10 ----------- Run | Yrd Mat Sub Matter Collected 849 | 312 184 353 Remotely . | . . . Salvage Created 566 | 144 265 157 Parts 49 | 11 26 12 Haulers Intercepted . | . . . Recyclers Shooed . | . . . Parts Field Recycled . | . . . Retrieved Matter . | . . . Parts Self-Destructed 12 | . . 12 Prevented . | . . . Kills | -11 -10 -10 ------- Run | Yrd Mat Sub Combat Hostiles Destroyed 21 | . 13 8 Guns 11 | . 6 5 AOE 10 | . 7 3 Classes Destroyed 9 | 3 4 2 Worker 5 | 2 3 . Builder 1 | . 1 . Tunneler 2 | 2 . . Recycler 1 | 1 . . Watcher 1 | . 1 . Swarmer 12 | . 9 3 Grunt 6 | . 4 2 Sentry 1 | . . 1 Subdweller 2 | . . 2 Best Kill Streak 5 | 5 5 2 Combat Bots Only 3 | . 3 2 Max Kills in Single Turn 3 | 1 3 1 Gunslinging . | . . . Exploded 2 | . 2 1 Melee . | . . . Uniques/NPCs Destroyed . | . . . Combat | -11 -10 -10 -------- Run | Yrd Mat Sub Hostile Shots Fired 127 | . 52 75 Missed 39 | . 9 30 Hits 88 | . 43 45 Projectile 88 | . 43 45 AOE 4 | . . 4 Critical Strikes 2 | . 1 1 Actively Blocked 1 | . . 1 Damage Taken 1165 | . 402 763 Core 254 | . 48 206 Absorbed by Shields . | . . . Redirected to Shielding 8 | . . 8 Core Remaining (%) 100 | 100 . . Volleys Fired 100 | 17 33 50 Largest 2 | 2 2 2 Hottest 100 | 40 50 100 Shots Fired 184 | 34 66 84 Gun 151 | 34 59 58 Cannon . | . . . Launcher 18 | . 7 11 Special 15 | . . 15 Kinetic 151 | 34 59 58 Thermal 15 | . . 15 Explosive 18 | . 7 11 Electromagnetic . | . . . Robot Hit Streak 10 | 8 10 8 Robot Miss Streak 4 | 2 2 4 Penetration Max . | . . . Secondary Targets 1 | . . 1 Max Gunslinging Chain 1 | . . 1 Shots Hit Robots 111 | 24 45 42 Core Hits 57 | 9 27 21 Critical Kills . | . . . Critical Parts Destroyed . | . . . Critical Strikes . | . . . Melee Attacks . | . . . Impact . | . . . Slashing . | . . . Piercing . | . . . Sneak Attacks . | . . . Combat Hostiles . | . . . Follow-up Attacks . | . . . Damage Inflicted 1729 | 187 922 620 Guns 904 | 187 429 288 Cannons . | . . . Explosions 825 | . 493 332 Melee . | . . . Ramming . | . . . Kinetic 904 | 187 429 288 Thermal . | . . . Explosive 825 | . 493 332 Electromagnetic . | . . . Impact . | . . . Slashing . | . . . Piercing . | . . . Highest Corruption 4 | . 4 4 Average Corruption 3 | . 3 4 Corruption Purged . | . . . Corruption Blocked . | . . . Effects 74 | . 12 62 Message Errors 28 | . 4 24 Matter Fused 19 | . 3 16 Heat Flow Errors 10 | . 2 8 Energy Discharges 8 | . . 8 Parts Rejected 1 | . . 1 Parts Fused 1 | . 1 . Data Loss (minor) 4 | . 2 2 Data Loss (major) 2 | . . 2 Misfires 1 | . . 1 Overload Shots . | . . . Overflow Damage 9 | . 1 8 Projectiles . | . . . Explosions 9 | . 1 8 Melee . | . . . Knockbacks . | . . . Impact . | . . . Kinetic . | . . . Secondary . | . . . Self-Inflicted Damage 86 | . 10 76 Shots 5 | . 1 4 Rammed . | . . . Targets Rammed . | . . . Kicked . | . . . Crushed . | . . . Highest Temperature 261 | . 245 261 Average Temperature 82 | . 56 112 Received Heat Transfer 204 | . 102 102 Siege Activations . | . . . Martial Activations . | . . . Shielding Activations . | . . . Robots Disrupted . | . . . Combat Hostiles . | . . . Robots Corrupted . | . . . Combat Hostiles . | . . . Parts Fried . | . . . Impact Corruptions . | . . . Robots Melted . | . . . Combat Hostiles . | . . . Parts Melted . | . . . Heat Transferred . | . . . Parts Sabotaged . | . . . Parts Stolen . | . . . Parts Stripped . | . . . Power Chain Reactions . | . . . Alert | -11 -10 -10 ------- Run | Yrd Mat Sub Maximum Alert Level . | . . . Low Security (%) 100 | 100 100 . Level 1 . | . . . Level 2 . | . . . Level 3 . | . . . Level 4 . | . . . Level 5 . | . . . High Security . | . . . Max Security . | . . . Peak Influence 153 | 15 153 . Initial . | . . . Average 56 | 2 66 . Influence Increases 679 | 25 449 205 Destroy 0b10 Robot/C 380 | . 260 120 Destroy 0b10 Robot/NC 50 | 25 25 . Destroy Leader 62 | . 52 10 Successful Hack 24 | . 24 . Select Force Hacks 30 | . 30 . Destroy Structure 43 | . 43 . Lose Combat Pursuer 90 | . 15 75 Influence Decreases 679 | 25 372 282 Entered New Map 37 | . . 37 Time Decay 575 | 25 352 198 Lost Part 67 | . 20 47 Squads Dispatched 4 | . 4 . Investigation 2 | . 2 . Extermination . | . . . Reinforcement 2 | . 2 . Assault . | . . . Garrison . | . . . Intercept . | . . . Searches Triggered . | . . . Construction Impeded . | . . . Haulers Reinforced . | . . . Active Scanning Responses . | . . . Cargo Convoy Interrupts . | . . . Stealth | -11 -10 -10 --------- Run | Yrd Mat Sub Distress Signals . | . . . Communications Jammed . | . . . Distress Signals . | . . . Times Spotted 36 | . 21 15 Peak Tracking Total 6 | . 3 6 Tactical Retreats 4 | . 1 3 Traps | -11 -10 -10 ------- Run | Yrd Mat Sub Traps Triggered 6 | . 5 1 Indirectly . | . . . Trap Hack Attempts . | . . . Triggered . | . . . Disarmed . | . . . Reprogrammed . | . . . Reused . | . . . Traps Extracted . | . . . Installed . | . . . Triggered . | . . . Machines | -11 -10 -10 ---------- Run | Yrd Mat Sub Machines Disabled 2 | . . 2 Max in Single Turn 2 | . . 2 Machines Repaired . | . . . Machines Dismantled . | . . . Machines Sabotaged . | . . . Overloaded Fab Kills . | . . . Hacking | -11 -10 -10 --------- Run | Yrd Mat Sub Machines Accessed 7 | . 7 . Terminals 6 | . 6 . Fabricators . | . . . Repair Stations . | . . . Recycling Units 1 | . 1 . Scanalyzers . | . . . Garrison Access . | . . . Total Hacks 20 | . 20 . Successful 11 | . 11 . Failed 9 | . 9 . Catastrophic 1 | . 1 . Database Lockouts . | . . . Manual 16 | . 16 . Terminals 18 | . 18 . Fabricators . | . . . Repair Stations . | . . . Recycling Units 2 | . 2 . Scanalyzers . | . . . Garrison Access . | . . . Terminal Hacks 2 | . 2 . Emergency Access Points 1 | . 1 . Terminal Index 1 | . 1 . Fabricator Hacks . | . . . Repair Station Hacks . | . . . Recycling Unit Hacks 1 | . 1 . Report Inventory 1 | . 1 . Scanalyzer . | . . . Garrison Access Hacks . | . . . Unauthorized Hacks 8 | . 8 . Terminals 7 | . 7 . Botnet 2 | . 2 . Skim 5 | . 5 . Fabricators . | . . . Repair Stations . | . . . Recycling Units 1 | . 1 . Tunnel 1 | . 1 . Scanalyzers . | . . . Garrison Access . | . . . Data Cores Recovered . | . . . Used . | . . . Hacking Detections 5 | . 5 . Full Trace Events 1 | . 1 . Feedback Events . | . . . Feedback Blocked . | . . . Robot Schematics Acquired . | . . . Robots Built . | . . . Authchips . | . . . Time . | . . . Total Robot Build Rating . | . . . Part Schematics Acquired . | . . . Parts Built . | . . . Authchips . | . . . Time . | . . . Total Part Build Rating . | . . . Parts Repaired . | . . . Time . | . . . Parts Recycled . | . . . Recycled Matter . | . . . Retrieved Matter . | . . . Retrieved Components . | . . . Parts Scanalyzed . | . . . Part Schematics Acquired . | . . . Parts Damaged . | . . . Bothacking | -11 -10 -10 ------------ Run | Yrd Mat Sub Used RIF Installer . | . . . Robots Hacked . | . . . Non-combat . | . . . Combat . | . . . Robot Hacks Applied . | . . . Relay Couplers Released . | . . . Fabnet Peak Effective % . | . . . Robots Rewired . | . . . Allies Hacked . | . . . Hacks Repelled . | . . . Allies | -11 -10 -10 -------- Run | Yrd Mat Sub Total Allies . | . . . Largest Group . | . . . Highest-Rated Group . | . . . Highest-Rated Ally . | . . . Total Orders . | . . . Ally Attacks . | . . . Total Damage . | . . . Kills . | . . . Allies Corrupted . | . . . Allies Melted . | . . . Intel | -11 -10 -10 ------- Run | Yrd Mat Sub Active Infowar (turns) 1083 | 18 903 162 Terrain 1083 | 18 903 162 Robot Analysis Total . | . . . Derelict Logs Recovered 2 | . . 2 Drone Launches . | . . . Drone Recoveries . | . . . Exploration | -11 -10 -10 ------------- Run | Yrd Mat Sub Turns Passed 3762 | 157 903 2702 Spaces Moved 1324 | 61 430 833 Core 525 | 3 . 522 Treads 566 | 58 430 78 Legs . | . . . Wheels 233 | . . 233 Hover . | . . . Flight . | . . . Fastest Speed 50 | 50 160 115 Average Speed 248 | 154 160 301 Slowest Speed 500 | 160 160 500 Overloaded Moves . | . . . Propulsion Burnouts . | . . . Robots Hopped . | . . . Potential Cave-ins . | . . . Cave-ins Triggered . | . . . Exploration Rate (%) 50 | 6 90 54 Regions Visited 2 Branch Regions 1 Pre-discovered Areas 3 | . 1 2 Known Exits Taken . | . . . Unknown Exits Taken 2 | 1 1 . Scrap Searched 6 | . . 6 Spaces Dug . | . . . Terrain Destroyed 107 | . 46 61 Melee . | . . . Projectile . | . . . AOE 107 | . 46 61 Terrain Rammed . | . . . Walls Destroyed . | . . . Machines Disabled . | . . . Actions | -11 -10 -10 --------- Run | Yrd Mat Sub Total 1586 | 89 583 914 Wait 115 | . 110 5 Move 1322 | 60 429 833 Hop . | . . . Pick Up 16 | 4 3 9 Fast Attach 9 | 7 . 2 Attach 7 | . 2 5 Detach 2 | . . 2 Swap 15 | 1 6 8 Drop . | . . . Fire 100 | 17 33 50 Melee . | . . . Ram . | . . . Kick . | . . . Crush . | . . . Escape Stasis . | . . . Rewire . | . . . Trap . | . . . Miscellaneous . | . . . Route ------- -11/Scrapyard -10/Materials (discovered 5 exits: [*Mat x3] / [*Min] / [*Sub]) -10/Subcaves (discovered 1 exit: [*Rec]) History --------- Turn | Location | Event 9 | -11/Scrapyard | Discovered new exit (range 14) 158 | -11/Scrapyard | Entered Materials 313 | -10/Materials | Build established: Mutant 394 | -10/Materials | Discovered new exit (range 10) 560 | -10/Materials | Discovered new exit (range 3) 804 | -10/Materials | Discovered new exit (range 16) 874 | -10/Materials | Discovered new exit (range 9) 1051 | -10/Materials | Discovered new exit (range 7) 1061 | -10/Materials | Entered Subcaves 1061 | -10/Subcaves | Discovered new exit (range 11) 1254 | -10/Subcaves | Lost 3 parts (1p1n1u) 1440 | -10/Subcaves | Disturbed a concealed Subdweller 1463 | -10/Subcaves | Core integrity fell below 50% 1553 | -10/Subcaves | Core integrity fell below 20% 1583 | -10/Subcaves | Lost 3 parts (2n1w) 2764 | -10/Subcaves | Shifting Twisted Machinery released Shrapnel Trap 2833 | -10/Subcaves | Shifting Twisted Machinery released Sub. Optics 3076 | -10/Subcaves | Shifting Twisted Machinery released Multitool 3078 | -10/Subcaves | Shifting Twisted Machinery released Shrapnel Trap 3421 | -10/Subcaves | Learned location of Zion (-7) 3763 | -10/Subcaves | Destroyed by 2H-R81(R) with Subdweller Machine Gun Last Messages --------------- 03413_ System corrupted: Matter fused (-7). 03421_ Acquired derelict log, extracted data. World map updated: -7/Zion. 03436_ SVS8F&Z 03452_ BX Q5 VLPMT=C>ROGH2NEFI6B52OQ5GW ,S%HH 03483_ System corrupted: Component data lost. 03496_ W5-9BF(u) tweaks Twisted Machinery. 03532_ W5-9BF(u) builds Twisted Machinery. 03551_ System corrupted: Heat flow error (+268). 03568_ W5-9BF(u) builds Twisted Machinery. 03594_ System corrupted: Heat flow error (+281). 03599_ W5-9BF(u) tweaks Twisted Machinery. 03617_ W5-9BF(u) builds Twisted Machinery. 03635_ W5-9BF(u) tweaks Twisted Machinery. 03674_ W5-9BF(u) builds Twisted Machinery. 03677_ IT9WTOBR5GAI7C,:GXO%E>X1FOW%G 03677_ W5-9BF(u) tweaks Twisted Machinery. 03698_ System corrupted: Heat flow error (+170). 03724_ System corrupted: Heat flow error (+193). 03743_ 2H-R81(R): "LEAVESUB!" Map ----- +----------------------------------------------------+ | ???????#???????????????????????????????????????? | | ??????#????????????????????????????????????????? | | ???????????????????????????????????????????????? | | ???????????????????????????????????????????????? | | ???????????????????????????????????????????????? | | ????????#??????????????????????????????????????? | | ???????????????????????????????????????????????? | | ???????????????????????????????????????????????? | | ????????#??????#???????????????????????????????? | | ???????????????????????????????????????????????? | | ?##??#?????????????????????????????????????????? | | ?????????????#?????????????????????????????????? | | ##??#####??#???????????????????????????????????? | | #### #??#???????????????????????????????????? | | #????????????????????##%????????????????? | | ####??????????????????? ???????????????? | | ####????????????????????? #???????????????? | | """#####????????????????? "???????????????? | | """"###?????#??##????? #???????????????? | | ## %"" ##"##???## #???? "???????????????? | | ### %& ""##??# ???? ##??????????????? | | ### & "#????# #?## %&"???????????????? | | ## % """ ###???## ##;#""#???????????????? | | ?#[%= "##" #??### """"""""#???????????????? | | =[ "?? ##?? """ """"" ##??????????????? | | #?? ??? """"% @ R #??????????????? | | #???"# #### "#??????????????? | | ? #? ??#? ???????##"" ""#??????????????? | | #???????????????#""## "##??????????????? | | "????????????????#"""## #???????????????? | | < ##????????????????"""### #???????????????? | | " #??????????????????""### #???????????????? | | ????????????????????????## ##??????????????? | | ??????????????????????????# #??????????????? | | ??????????????????????????## ##??????????????? | | ?????????????????????????## #???????????????? | | ?? ????? # ????????????## ##???????????????? | | # ???? ???????????## #????????????????? | | # ????? ???????????# ###????????????????? | | ????? ???????????## ##??????????????????? | | ????? #???????????# ##??????????????????? | | ???#? #???????????## #??????????????????? | | ??# ?# ??????????## ##??????????????????? | | ## ?## ??????????# #??????????????????? | | ?# #????? "???#"" #??????????????????? | | #?? #?????"""#?# " ##?????????????????? | | ? #### #?????"" #?# " ##????????????????? | | ??# ## #?????#"""## " "##???????????????? | | ?## ## ####### """"""""""" ##??????????????? | | ## ##""" " "" #??????????????? | +----------------------------------------------------+ Best States ------------- Heat Dissipation 25 Energy Generation 15 Energy Capacity 200 Matter Stores 300 Matter Capacity 300 Sight Range 16 Terrain Scan Range 16 Terrain Scan Density 10 Utility Shielding 33 Evasion (%) 40 Recoil Reduction 2 Item Schematics ----------------- None Robot Schematics ------------------ None Fabricated ------------ Nothing Repaired ---------- Nothing Alien Tech Used ----------------- None Achievements -------------- None Challenges ------------ None Game ------ Seed StructuralAlphaPropulsion Manual? 0 Play Time 00:15:46 Cumulative 152.3 hours Start 2025.07.15 @ 18:06:29 End 2025.07.15 @ 18:17:05 Sessions 1 Manual Loads 0 Difficulty Rogue Special Mode None Game No. 177 Rogue 177 Adventurer 0 Explorer 0 Win Type - Total 3 Types 1/0/0/1/0/0/0/0/0/1 Lore% 65 Gallery% 61 Achievement% 53 Wizard Run 0 Options --------- Layout 1 ASCII 0 Keyboard 1 Movement Numpad Keybinds 0 Fullscreen 1 Font 32/SmallcapsGlow Map View 77x35 Zoom Use 0% Tactical HUD 1 Map Filters NONE Filters NONE Steam 1 RUN: 8ec87c0f-9f5b-4e89-9bc2-d3da022079d2